 Dungeon Sprint DCSS version 0.21-a0-364-gbd1fde4 (webtiles) character file.

5541 Kidiri the Basher (level 10, -5/110 HPs)
             Began as a Troll Hunter on Oct 14, 2017.
             Was a Priest of Trog.
             Slain by a catoblepas (14 damage)
             ... in the Dungeon (Sprint IX: "|||||||||||||||||||||||||||||").
             The game lasted 00:08:35 (1352 turns).

Kidiri the Basher (Troll Hunter)                    Turns: 1352, Time: 00:08:36

Health: -5/110     AC:  5    Str: 30    XL:     10   Next: 43%
Magic:  9/9        EV:  1    Int:  7    God:    Trog [***...]
Gold:   14         SH:  0    Dex: 11    Spells: 9/9 levels left

rFire    . . .     SeeInvis .   r - +2 dire flail (protect)
rCold    . . .     Gourm    +   (shield currently unavailable)
rNeg     + + +     Faith    .   b - +0 robe
rPois    ∞         Spirit   .   (helmet restricted)
rElec    .         Reflect  .   (no cloak)
rCorr    .         Harm     .   (gloves unavailable)
MR       ++...     NoTele   +   (boots unavailable)
Stlth    +.........             (no amulet)
HPRegen  1.68/turn              z - +3 ring of strength
MPRegen  0.11/turn              A - +3 ring of strength

@: petrified, berserk cooldown, regenerating, slowed
A: unfitting armour, claws 3, fast metabolism 3, gourmand, regeneration 1,
shaggy fur 1, tough skin 2
a: Berserk, Trog's Hand, Burn Spellbooks, Renounce Religion


You were in the Dungeon.
You worshipped Trog.
Trog was most pleased with you.
You were very hungry.

You visited 1 branch You collected 14 gold pieces.

Inventory:

Hand Weapons
 l - a +0 giant spiked club
 r - a +2 dire flail of protection (weapon)
Missiles
 c - 12 large rocks (quivered)
Armour
 b - a +0 robe (worn)
Jewellery
 z - a +3 ring of strength (left claw)
 A - a +3 ring of strength (right claw)
Wands
 a - a wand of confusion (7/48)
 n - a wand of lightning (7/15)
Scrolls
 k - 2 scrolls of blinking
 m - 3 scrolls of remove curse
 o - 2 scrolls of fog
 q - 2 scrolls of enchant armour
Potions
 e - 6 potions of curing
 g - a potion of invisibility
 h - a potion of haste
 i - 4 potions of magic
 j - 8 potions of heal wounds
Comestibles
 d - a meat ration
 f - 2 bread rations


   Skills:
 * Level 10.2 Fighting
 * Level 10.7 Maces & Flails
 + Level 8.7 Throwing
 * Level 10.1 Armour
 * Level 10.2 Dodging
 - Level 0.3 Stealth


You had 9 spell levels left.
You didn't know any spells.

Dungeon Overview and Level Annotations

Branches:
Dungeon (1/1)

Altars:
Cheibriados
Dithmenos
Elyvilon
Fedhas
Gozag
Hepliaklqana
Kikubaaqudgha
Makhleb
Nemelex Xobeh
Okawaru
Qazlal
Ru
Sif Muna
Trog
Uskayaw
Vehumet
Wu Jian
Xom
Yredelemnul
Zin
The Shining One
Beogh
Jiyva
Lugonu


Innate Abilities, Weirdness & Mutations

You are too large for most types of armour.
You have claws for hands.
Your metabolism is lightning-fast.
You like to eat raw meat.
Your natural rate of healing is unusually fast.
You are covered in fur. (AC +1)
You have very tough skin. (AC +2)


Message History

The blast of calcifying dust hits you!
Unknown command.
You are engulfed in calcifying dust.
You are slowing down.
The catoblepas gores you!!
* * * LOW HITPOINT WARNING * * *
Unknown command.
Unknown command.
As you read the scroll of fear, it crumbles to dust.
You assume a fearsome visage.
The yak looks frightened! x3
The catoblepas resists with almost no effort.
You are engulfed in calcifying dust.
The catoblepas gores you!!
* * * LOW HITPOINT WARNING * * *
The catoblepas barely misses you.
You have turned to stone.
The catoblepas breathes a plume of calcifying dust at you.
The blast of calcifying dust hits you!
You are engulfed in calcifying dust.
The catoblepas gores you!!
* * * LOW HITPOINT WARNING * * *
You are engulfed in calcifying dust.
The catoblepas gores you!!
You die...

▓▓▓▓▓▓▓▓▓▓▓▓▓▓▓▓▓▓▓▓▓▓▓▓▓▓▓▓▓▓▓▓▓
'.....'.....'____________________
▓▓▓▓▓▓▓▓▓▓▓▓▓▓▓▓▓▓▓▓▓▓▓▓▓▓▓▓▓▓▓▓▓
.................................
▓▓▓▓▓▓▓▓▓▓▓▓▓▓▓▓▓▓▓▓▓▓▓▓▓▓▓▓▓▓▓▓▓
...'.........§.§@Y....YY...÷.OY§Y
▓▓▓▓▓▓▓▓▓▓▓▓▓▓▓▓▓▓▓▓▓▓▓▓▓▓▓▓▓▓▓▓▓


You could see a catoblepas and 2 yaks.

Vanquished Creatures
  3 death yaks (D)
  2 spiny frogs (D)
  A rime drake (D)
  2 komodo dragons (D)
  2 hippogriffs (D)
  A wraith (D)
  2 yaks (D)
  A water moccasin (D)
  A porcupine (D)
  An ice beast (D)
  2 orc warriors (D)
  An ogre (D)
  A phantom (D)
  A centaur (D)
  2 crocodiles (D)
  A big kobold (D)
  2 bullfrogs (D)
  A quasit (D)
  An iguana (D)
  3 worker ants (D)
  A dart slug (D)
  A leopard gecko (D)
  2 bat skeletons (D)
  A bat zombie (D)
  A goblin (D)
  A kobold (D)
  2 rats (D)
40 creatures vanquished.

Vanquished Creatures (collateral kills)
  A komodo dragon (D)
  A yak (D)
  A water moccasin (D)
  A crocodile (D)
4 creatures vanquished.

Grand Total: 44 creatures vanquished

Notes
Turn   | Place    | Note
-------+----------+-------------------------------------------
     0 | D        | Kidiri the Troll Hunter began the quest for the Orb.
     0 | D        | Reached XP level 1. HP: 19/19 MP: 0/0
    13 | D        | Reached skill level 1 in Armour
   242 | D        | Noticed a phantom
   242 | D        | Noticed a worker ant
   244 | D        | Reached XP level 2. HP: 29/29 MP: 1/1
   267 | D        | Reached skill level 1 in Maces & Flails
   267 | D        | Reached XP level 3. HP: 20/37 MP: 2/2
   269 | D        | Killed a phantom
   269 | D        | Reached XP level 4. HP: 15/48 MP: 3/3
   285 | D        | Found a roughly hewn altar of Beogh.
   285 | D        | Found a snail-covered altar of Cheibriados.
   285 | D        | Found a shadowy altar of Dithmenos.
   285 | D        | Found a white marble altar of Elyvilon.
   285 | D        | Found a blossoming altar of Fedhas.
   285 | D        | Found an opulent altar of Gozag.
   286 | D        | Found a hazy altar of Hepliaklqana.
   287 | D        | Found a viscous altar of Jiyva.
   288 | D        | Found an ancient bone altar of Kikubaaqudgha.
   289 | D        | Found a corrupted altar of Lugonu.
   290 | D        | Found a burning altar of Makhleb.
   291 | D        | Found a sparkling altar of Nemelex Xobeh.
   292 | D        | Found an iron altar of Okawaru.
   293 | D        | Found a stormy altar of Qazlal.
   294 | D        | Found a sacrificial altar of Ru.
   295 | D        | Found a deep blue altar of Sif Muna.
   296 | D        | Found a bloodstained altar of Trog.
   297 | D        | Found a hide-covered altar of Uskayaw.
   298 | D        | Found a radiant altar of Vehumet.
   299 | D        | Found an ornate altar of the Wu Jian Council.
   300 | D        | Found a shimmering altar of Xom.
   301 | D        | Found a basalt altar of Yredelemnul.
   302 | D        | Found a glowing silver altar of Zin.
   303 | D        | Found a glowing golden altar of the Shining One.
   304 | D        | Became a worshipper of Trog the Wrathful
   454 | D        | Noticed an orc warrior
   454 | D        | Noticed an ogre
   454 | D        | Noticed a big kobold
   463 | D        | Killed an orc warrior
   463 | D        | Reached skill level 5 in Throwing
   463 | D        | Reached XP level 5. HP: 47/55 MP: 4/4
   468 | D        | Killed an ogre
   468 | D        | Reached * piety under Trog
   468 | D        | Reached skill level 5 in Fighting
   468 | D        | Reached skill level 5 in Maces & Flails
   468 | D        | Reached skill level 5 in Dodging
   468 | D        | Reached XP level 6. HP: 47/66 MP: 5/5
   475 | D        | Reached skill level 5 in Armour
   479 | D        | Reached ** piety under Trog
   601 | D        | Noticed a wraith
   601 | D        | Noticed an ice beast
   601 | D        | Noticed an orc warrior
   618 | D        | Killed a wraith
   618 | D        | Reached XP level 7. HP: 76/76 MP: 6/6
   626 | D        | Reached *** piety under Trog
   632 | D        | Received a gift from Trog
   909 | D        | Noticed a komodo dragon
   909 | D        | Noticed a yak
   909 | D        | Noticed a yak
   915 | D        | Killed a komodo dragon
   915 | D        | Reached XP level 8. HP: 78/87 MP: 7/7
   922 | D        | Reached **** piety under Trog
   924 | D        | Noticed a komodo dragon
   928 | D        | Received a gift from Trog
   949 | D        | Killed a komodo dragon
   963 | D        | Noticed a spiny frog
   963 | D        | Noticed a komodo dragon
   963 | D        | Noticed a rime drake
   986 | D        | Killed a spiny frog
   986 | D        | Reached XP level 9. HP: 73/97 MP: 8/8
  1000 | D        | Killed a komodo dragon
  1000 | D        | Reached ***** piety under Trog
  1005 | D        | Noticed a spiny frog
  1013 | D        | Killed a rime drake
  1015 | D        | Killed a spiny frog
  1135 | D        | Received a gift from Trog
  1171 | D        | Noticed a death yak
  1171 | D        | Noticed a death yak
  1173 | D        | Noticed a death yak
  1176 | D        | Killed a death yak
  1176 | D        | Reached skill level 10 in Maces & Flails
  1176 | D        | Reached XP level 10. HP: 99/109 MP: 9/9
  1186 | D        | Noticed a catoblepas
  1187 | D        | Killed a death yak
  1187 | D        | Reached skill level 10 in Fighting
  1187 | D        | Reached skill level 10 in Dodging
  1201 | D        | HP: 5/110 [death yak (29)]
  1326 | D        | Killed a death yak
  1326 | D        | Reached skill level 10 in Armour
  1352 | D        | Slain by a catoblepas

Vault maps used:
D:        linesprint

Skill      XL: |  1  2  3  4  5  6  7  8  9 10 |
---------------+-------------------------------+-----
Fighting       | 2 3 4 5 6 7 8 9 10 | 10.2
Dodging        | 2 3 4 5 6 7 8 9 10 | 10.2
Armour         | 1 2 3 4 6 7 8 9 10 | 10.1
Maces & Flails | 1 3 4 5 6 7 8 10 | 10.7
Throwing       | 4 5 6 7 8 |  8.7
Stealth        | |  0.3

Action                   |  1- 3 |  4- 6 |  7- 9 | 10-12 || total
-------------------------+-------+-------+-------+-------++-------
Melee: Unarmed           |    27 |       |       |       ||    27
       Dire flail        |       |    35 |    71 |    30 ||   136
Throw: Large rock        |     4 |     2 |    15 |       ||    21
       Throwing net      |     2 |     2 |       |       ||     4
Invok: Berserk           |       |     2 |     3 |     1 ||     6
       Trog's Hand       |       |     1 |     6 |     2 ||     9
       Brothers in Arms  |       |       |     2 |     2 ||     4
  Use: Potion            |     2 |       |     1 |     1 ||     4
       Scroll            |       |       |       |     2 ||     2
  Eat: Chunk             |     4 |     3 |    12 |       ||    19
Armor: Robe              |    14 |    16 |    23 |     7 ||    60
Dodge: Dodged            |    15 |    31 |    50 |     5 ||   101

Table legend:
 A = Spawn XP
 B = Non-spawn XP
 C = Spawn XP percentage of total XP
 D = Spawn monster count
 E = Non-spawn monster count
 F = Spawn count percentage of total count
 G = Total turns spent on level
                    A         B        C        D         E        F      G
               +---------+---------+-------+---------+---------+-------+---------
         Total |       0 |    7917 |   0.0 |       0 |      44 |   0.0 |  1352
               +---------+---------+-------+---------+---------+-------+---------
             D |       0 |    7917 |   0.0 |       0 |      44 |   0.0 |  1352
               +---------+---------+-------+---------+---------+-------+---------
